 Dungeon Crawl Stone Soup version 0.29-a0-823-gc37b1572da (webtiles) character file.

Game seed: 15659908054625016385

2512 Shayle the Covert (level 9, -3/87 HPs)
             Began as a Naga Brigand on July 8, 2022.
             Was an Initiate of Ashenzari.
             Slain by a centaur (5 damage)
             ... on level 8 of the Dungeon on July 9, 2022.
             The game lasted 00:26:47 (11413 turns).

Shayle the Covert (Naga Brigand)                   Turns: 11413, Time: 00:26:47

Health: -3/87      AC:  6    Str: 13    XL:     9   Next: 53%
Magic:  28/28      EV:  8    Int: 15    God:    Ashenzari [......]
Gold:   568        SH:  5    Dex: 14    Spells: 15/21 levels left

rFire   . . .      SeeInvis +   a - +2 dagger
rCold   . . .      Faith    .   (no shield)
rNeg    . . .      Spirit   .   j - +0 ring mail
rPois   +          Reflect  +   (no helmet)
rElec   .          Harm     .   c - +0 cloak
rCorr   .          Rampage  .   (no gloves)
Will    +....                   (no barding)
Stlth   ++++......              i - amulet "Tethered Fetters" {Reflect SH+5, Self, Comp} (curse)
HPRegen 0.24/turn               n - ring of flight
MPRegen 0.21/turn               t - ring of magical power

@: flying, studying Ranged Weapons, very slow
A: AC +3, large, see invisible, deformed body, poison resistance, slowness 2,
spit poison 1, naga tail 1
a: Spit Poison, Renounce Religion, Curse Item, Shatter the Chains


You were on level 8 of the Dungeon.
You worshipped Ashenzari.
Ashenzari was noncommittal.
You visited 2 branches of the dungeon, and saw 9 of its levels.
You also visited: Sewer.

You collected 568 gold pieces.

Inventory:

Hand Weapons
 a - a +2 dagger (weapon)
Missiles
 d - 11 poisoned darts (quivered)
 e - a curare-tipped dart
 G - 6 silver javelins
Armour
 b - a +0 robe
 c - a +0 cloak (worn)
 h - a +0 helmet
 j - a +0 ring mail (worn)
 m - a +1 helmet of intelligence
Jewellery
 i - the cursed amulet "Tethered Fetters" (around neck) {Reflect SH+5, Self, Comp}
   (You found it on level 4 of the Dungeon)

   [amulet of reflection]

   It reflects blocked missile attacks.
   SH:        It affects your SH (+5).
   It has a curse which improves the following skills: Introspection: Fighting
   and Spellcasting.
   Companions: Summonings and Necromancy.
 n - a ring of flight (left hand)
 t - a ring of magical power (right hand)
 E - a ring of magical power
Wands
 q - a wand of flame (29)
Scrolls
 l - a scroll of silence {unknown}
 o - a scroll of acquirement {unknown}
 p - 2 scrolls of teleportation
 s - 2 scrolls of amnesia {unknown}
 v - 2 scrolls of brand weapon {unknown}
 y - 3 scrolls of identify
 B - a scroll of enchant armour {unknown}
 D - 2 scrolls of blinking {unknown}
 F - a scroll of magic mapping {unknown}
 H - a scroll of fear
Potions
 f - 2 potions of brilliance
 g - 2 potions of magic
 r - 4 potions of lignification
 x - a potion of cancellation
 z - a potion of invisibility {unknown}
 A - 3 potions of haste
 C - a potion of mutation {unknown}


   Skills:
 + Level 7.3(7.7) Fighting
 - Level 2.0 Short Blades
 + Level 1.0 Ranged Weapons
 - Level 1.7 Throwing
 - Level 0.7 Dodging
 - Level 11.4 Stealth
 + Level 2.7 Unarmed Combat
 + Level 6.3(6.7) Spellcasting
 + Level 2.6 Ice Magic


You had 15 spell levels left.
You knew the following spells:

 Your Spells              Type           Power      Damage    Failure   Level
a - Frozen Ramparts       Ice            26%        1d4       30%         3
b - Mephitic Cloud        Conj/Pois/Air  5%         N/A       65%         3

Your spell library contained the following spells:

 Spells                   Type           Power      Damage    Failure   Level
 Freeze                   Ice            52%        1d7       10%         1
 Ignite Poison            Fire/Tmut/Pois 5%         N/A       65%         3
 Hailstorm                Conj/Ice       9%         3d4       86%         4
 Freezing Cloud           Conj/Ice/Air   3%         6-21      99%         5
 Summon Forest            Summ/Tloc      2%         N/A       100%        5
 Eringya's Noxious Bog    Tmut/Pois      2%         N/A       100%        6
 Summon Hydra             Summ           2%         N/A       100%        7


Dungeon Overview and Level Annotations

Branches:
Dungeon (8/15)             Temple (1/1) D:5           Sewer (visited)
   Lair: D:8-11

Altars:
Ashenzari
Elyvilon
Fedhas
Kikubaaqudgha
Makhleb
Nemelex Xobeh
Ru
Uskayaw
Wu Jian
Xom
The Shining One

Annotations:
D:6 exclusion: door


Innate Abilities, Weirdness & Mutations

Your serpentine skin is tough. (AC +3)
You have supernaturally acute eyesight. (SInv)
Armour fits poorly on your strangely shaped body.
Your system is resistant to poisons. (rPois)
You cover ground very slowly.
You can spit poison.
You have a snake-like lower body.


Message History

As you read the scroll of teleportation, it crumbles to dust.
You feel strangely unstable. You block the gnoll's attack.
You hit the gnoll.
The gnoll is heavily wounded.
The gnoll closely misses you.
You barely miss the gnoll.
The gnoll is heavily wounded.
The gnoll hits you with a +0 whip.
* * * LOW HITPOINT WARNING * * *
You hit the gnoll.
The gnoll is severely wounded.
The gnoll hits you with a +0 whip.
* * * LOW HITPOINT WARNING * * *
You hit the gnoll.
The gnoll is almost dead.
Your surroundings suddenly seem different.
A gnoll and a centaur come into view.
The centaur shouts!
You hear a shout!
The gnoll shouts!
You hear a shout! x3
The centaur wields a +0 shortbow.
The centaur shoots an arrow.
The arrow hits you!
* * * LOW HITPOINT WARNING * * *
The centaur shoots an arrow.
You reflect the arrow off an invisible shield around you!
The arrow hits the centaur!
Unknown command.
The centaur shoots an arrow.
The arrow closely misses you.
A gnoll bouda comes into view. It is wielding a +0 whip.
You hear a shout!
The centaur unwields a +0 shortbow.
The centaur hits you but does no damage.
You block the centaur's attack.
The centaur hits you but does no damage.
The centaur kicks you.
* * * LOW HITPOINT WARNING * * *
The kobold shouts!
You hit the centaur but do no damage.
The centaur is moderately wounded.
You hear a shout! x2
The centaur hits you.
You die...

#.###... .#
#..# ####.. #
#.###.##.#.#
#...
#.#........#
####
#.#.#.####.#
#.....#
#.....#
#.....#
###.....#
...K....@#
..#.###.g.c..#
#. #.####.# #
.... # .##.#
.. #g# . ..


You could see a centaur, a gnoll and a kobold.

Vanquished Creatures
  A shadow (D:5)
  2 water moccasins (D:6)
  An ice beast (D:7)
  An orc warrior (D:8)
  2 sky beasts
  An ogre (D:7)
  A centaur (D:5)
  3 phantoms
  A kobold brigand (D:7)
  2 bullfrogs (D:7)
  3 necrophages
  A water moccasin zombie (D:4)
  2 scorpions
  A howler monkey (D:7)
  A bullfrog zombie (D:4)
  A jelly (D:6)
  An orc priest (D:8)
  5 hounds
  2 iguanas
  5 orc wizards
  A scorpion zombie (D:4)
  A hound zombie (D:4)
  A hound skeleton (D:4)
  A gnoll (D:2)
  11 adders
  4 river rats (Sewer)
  A shadow imp (D:7)
  3 white imps
  3 ufetubi (D:6)
  2 adder zombies (D:4)
  5 worms
  3 dart slugs
  18 orcs
  11 ball pythons
  9 endoplasms
  5 giant cockroaches
  7 goblins
  4 hobgoblins
  6 jackals
  12 quokkas
  14 bats
  5 frilled lizards
  10 kobolds
  9 rats
183 creatures vanquished.

Notes
Turn   | Place    | Note
-------+----------+-------------------------------------------
     0 | D:1      | Shayle the Naga Brigand began the quest for the Orb.
     0 | D:1      | Reached XP level 1. HP: 19/19 MP: 1/1
    31 | D:1      | Reached skill level 6 in Stealth
   219 | D:1      | Reached XP level 2. HP: 23/26 MP: 2/2
   404 | D:1      | Reached skill level 1 in Spellcasting
   675 | D:1      | Reached XP level 3. HP: 33/33 MP: 4/4
  1223 | D:2      | Reached XP level 4. HP: 8/42 MP: 6/6
  1612 | D:2      | Reached skill level 7 in Stealth
  2205 | D:3      | Found an ancient bone altar of Kikubaaqudgha.
  2240 | D:3      | Reached XP level 5. HP: 42/49 MP: 8/8
  2304 | D:3      | Found a glowing golden altar of the Shining One.
  2715 | D:3      | Found a burning altar of Makhleb.
  3026 | D:4      | Found a hide-covered altar of Uskayaw.
  3063 | D:4      | Reached XP level 6. HP: 36/57 MP: 8/10
  3098 | D:4      | Found a glowing drain.
  3102 | Sewer    | Entered a sewer
  3105 | Sewer    | Reached skill level 8 in Stealth
  4399 | D:4      | Reached XP level 7. HP: 63/66 MP: 12/12
  4985 | D:5      | Entered Level 5 of the Dungeon
  4985 | D:5      | Noticed a shadow
  5099 | D:5      | Reached skill level 9 in Stealth
  5157 | D:5      | Killed a shadow
  5158 | D:5      | Reached skill level 5 in Fighting
  5625 | D:5      | Reached XP level 8. HP: 39/75 MP: 14/14
  5659 | D:5      | Reached skill level 10 in Stealth
  6010 | D:5      | HP: 3/75 [acid (8)]
  6536 | D:6      | Reached skill level 5 in Spellcasting
  7080 | D:6      | Reached skill level 11 in Stealth
  8065 | D:6      | Found a broken altar of Ashenzari.
  8107 | D:6      | Became a worshipper of Ashenzari the Shackled
  8421 | D:6      | Learned a level 3 spell: Frozen Ramparts
  8532 | D:5      | Found a staircase to the Ecumenical Temple.
  8541 | Temple   | Entered the Ecumenical Temple
  8576 | D:5      | Reached XP level 9. HP: 72/85 MP: 17/17
  9040 | D:5      | Reached skill level 1 in Unarmed Combat
  9159 | D:7      | Reached skill level 1 in Ice Magic
  9684 | D:7      | Found a sacrificial altar of Ru.
  9917 | D:7      | Found an ornate altar of the Wu Jian Council.
 10581 | D:8      | Found a white marble altar of Elyvilon.
 10987 | D:8      | Found a shimmering altar of Xom.
 10999 | D:8      | Learned a level 3 spell: Mephitic Cloud
 11349 | D:8      | Reached skill level 1 in Ranged Weapons
 11410 | D:8      | HP: 2/87 [centaur/arrow (11)]
 11413 | D:8      | Slain by a centaur

Illustrated notes

Levels and vault maps discovered:
D:1:      lemuel_arrival_cross, layout_rooms
D:2:      layout_rooms, skrybe_limestone_x, minmay_diced_spiral
D:3:      layout_rooms, lemuel_tele_altar, lightli_temple_of_fire,
          kiku_gazebo_pond_becter, serial_curves, eino_curves_04,
          eino_curves_01, eino_curves_04, eino_curves_01
D:4:      layout_basic, mainiacjoe_overflow_cross_hatched, serial_undead,
          serial_undead_d, serial_undead_e, serial_undead_c, serial_undead_f,
          gup_sewer_entry_bowl, kennysheep_small_square
D:5:      layout_basic, minmay_temple_entry_purple_smoke, minmay_manual_maat
D:6:      cheibrodos_two_vegetables, layout_basic, old_standard_altar,
          st_stairs_3
D:7:      layout_loops_ring, marbit_many_paths, mainiacjoe_overflow_tiny_flanked
D:8:      layout_loops_cross, mainiacjoe_overflow_catwalk,
          nicolae_overflow_crystal_walls, lemuel_coloured_pillars_altar
Temple:   hellmonk_temple_two_chambers

Skill      XL: |  1  2  3  4  5  6  7  8  9 |
---------------+----------------------------+-----
Stealth        | 6 7 8 9 11 | 11.4
Spellcasting   | 1 2 3 4 5 6 |  6.3
Fighting       | 3 4 5 6 7 |  7.3
Unarmed Combat | 2 |  2.7
Ice Magic      | 2 |  2.6
Ranged Weapons | 1 |  1.0
Short Blades   | |  2.0
Throwing       | |  1.7
Dodging        | |  0.7

Action                   |  1- 3 |  4- 6 |  7- 9 || total
-------------------------+-------+-------+-------++-------
Melee: Dagger            |   116 |   354 |   580 ||  1050
       Punch             |       |     3 |    11 ||    14
Throw: Dart              |     9 |     6 |    27 ||    42
       Throwing net      |       |       |     2 ||     2
Invok: Curse Item        |       |       |     1 ||     1
 Abil: Spit Poison       |    12 |     5 |    21 ||    38
Evoke: Wand              |       |       |     7 ||     7
  Use: Potion            |     3 |       |     5 ||     8
       Scroll            |     1 |     4 |     5 ||    10
 Stab: Sleeping          |     5 |    13 |     7 ||    25
       Distracted        |       |       |     1 ||     1
       Paralysed         |       |       |     3 ||     3
Armor: Robe              |    43 |     4 |       ||    47
       Ring mail         |       |   239 |   222 ||   461
       Skin              |       |       |    10 ||    10
Dodge: Dodged            |    56 |   195 |   229 ||   480
Block: Other             |       |       |    16 ||    16
       Reflection        |       |       |     1 ||     1

Table legend: (Time is in decaauts)
 A = Elapsed time spent in this place.
 B = Non-inter-level travel time spent in this place.
 C = Inter-level travel time spent in this place.
 D = Time resting spent in this place.
 E = Time spent auto-exploring this place.
 F = Levels seen in this place.
 G = Mean time per level.
                   A        B        C        D        E       F      G
               +--------+--------+--------+--------+--------+-----+--------+
         Total |  13257 |  12835 |    422 |   2573 |   6705 |  10 | 1325.7 |
       Dungeon |  12250 |  11828 |    422 |   2329 |   6377 |   8 | 1531.2 |
        Temple |      1 |      1 |      0 |      0 |      0 |   1 |    1.0 |
         Sewer |   1005 |   1005 |      0 |    244 |    328 |   1 | 1005.0 |
               +--------+--------+--------+--------+--------+-----+--------+

Top non-repeatable levels by time:
     D:6: 2737 daAuts
     D:5: 1968 daAuts
     D:4: 1641 daAuts
     D:7: 1574 daAuts
     D:1: 1246 daAuts
     D:2: 1194 daAuts
     D:8: 1029 daAuts
   Sewer: 1005 daAuts
     D:3: 858 daAuts
  Temple: 1 daAuts
